 Dungeon Crawl Stone Soup version 0.20.0 (webtiles) character file.

499 Danakh the Chopper (level 6, -7/55 HPs)
             Began as a Minotaur Fighter on May 31, 2017.
             Was a Follower of Nemelex Xobeh.
             Killed by divine providence
             ... invoked by an orc priest
              (12 damage)
             ... on level 4 of the Dungeon.
             The game lasted 00:07:09 (1886 turns).

Danakh the Chopper (Minotaur Fighter)               Turns: 1886, Time: 00:07:10

Health: -7/55      AC:  9    Str: 22    XL:     6   Next: 94%
Magic:  6/6        EV:  6    Int:  5    God:    Nemelex Xobeh [*.....]
Gold:   252        SH: 10    Dex: 10    Spells: 5/5 levels left

rFire    . . .     SeeInvis .   a - +0 war axe
rCold    + . .     Gourm    .   c - +0 shield
rNeg     . . .     Faith    .   t - +0 chain mail
rPois    .         Spirit   .   (helmet restricted)
rElec    .         Reflect  .   (no cloak)
rCorr    .         Harm     .   (no gloves)
MR       .....                  (no boots)
Stlth    ..........             w - amulet of regeneration
Regen    0.2/turn               x - ring of protection from cold
MPRegen  0.1/turn               (no ring)

@: no status effects
A: retaliatory headbutt, horns 2
a: Renounce Religion


You were on level 4 of the Dungeon.
You worshipped Nemelex Xobeh.
Nemelex Xobeh was aware of your devotion.
You were not hungry.

You visited 1 branch of the dungeon, and saw 4 of its levels.

You collected 252 gold pieces.

Inventory:

Hand Weapons
 a - a +0 war axe (weapon)
Armour
 b - a +0 scale mail
 c - a +0 shield (worn)
 t - a +0 chain mail (worn)
Jewellery
 w - an amulet of regeneration (around neck)
 x - a ring of protection from cold (left hand)
Wands
 s - a wand of polymorph (15/24)
Scrolls
 e - 2 scrolls of enchant weapon {unknown}
 h - a scroll of amnesia {unknown}
 i - 2 scrolls of teleportation {unknown}
 k - 3 scrolls of remove curse {unknown}
 l - 3 scrolls of enchant armour {unknown}
 m - 2 scrolls of identify {unknown}
 o - a scroll of fear {unknown}
Potions
 d - a potion of might
 g - 5 potions of haste {unknown}
 j - 2 potions of curing {unknown}
 p - 2 potions of flight {unknown}
 q - 3 potions of resistance {unknown}
 r - a potion of heal wounds {unknown}
 z - a potion of brilliance {unknown}
Miscellaneous
 u - a plain deck of destruction {drawn: 7}
Comestibles
 f - 2 bread rations
 n - 5 meat rations
 v - a chunk of flesh


   Skills:
 + Level 4.8 Fighting
 * Level 6.0 Axes
 + Level 5.0 Armour
 - Level 0.9 Dodging
 - Level 0.1 Stealth
 + Level 5.2 Shields
 + Level 1.6 Invocations


You had 5 spell levels left.
You didn't know any spells.

Dungeon Overview and Level Annotations

Branches:
Dungeon (4/15)
 Temple: D:4-7

Altars:
Nemelex Xobeh
Qazlal


Innate Abilities, Weirdness & Mutations

You reflexively headbutt those who attack you in melee.
You have a pair of horns on your head.


Message History

The orc priest invokes the aid of Beogh against you.
Pain shoots through your body!
* * * LOW HITPOINT WARNING * * *
Your chain mail prevents you from hitting the orc priest.
You headbutt the orc priest.
The orc priest is heavily wounded.
You block the orc priest's attack.
You barely miss the orc priest.
The orc priest is heavily wounded.
The orc priest hits you but does no damage.
You barely miss the orc priest. Your headbutt misses the orc priest.
The orc priest is heavily wounded.
The orc priest hits you with a dagger.
* * * LOW HITPOINT WARNING * * *
You barely miss the orc priest.
The orc priest is heavily wounded.
The orc priest calls down the wrath of Beogh upon you.
Beogh smites you!
You die...
Your body glows slightly and disappears.

.....# #.#
####.# #.#
# #.# #.# #
#.# #.# #
#.# #.# #
#.# # #.# #
#
#.#####....
#..@o..#
######.#


You could see an orc priest.

Vanquished Creatures
  An orc priest (D:4)
  Natasha (thrice) (D:3)
  Robin (D:2)
  2 adders (D:2)
  3 oozes
  2 worms (D:2)
  6 dart slugs
  A leopard gecko (D:2)
  2 orcs
  8 bats
  4 giant cockroaches
  14 goblins
  6 hobgoblins
  4 jackals (D:1)
  4 quokkas
  5 frilled lizards
  4 kobolds
  10 rats
80 creatures vanquished.

Vanquished Creatures (collateral kills)
  The ghost of w0kki the Chopper, an amateur NaFi (D:3)
  The ghost of Danakh the Covered, an amateur MiFi of Hepliaklqana (D:4)
  2 ogres (D:4)
  A gnoll (D:4)
  An adder (D:4)
  A giant cockroach (D:4)
  A frilled lizard (D:4)
8 creatures vanquished.

Vanquished Creatures (others)
  A fire vortex (D:3)
1 creature vanquished.

Grand Total: 89 creatures vanquished

Notes
Turn   | Place    | Note
-------+----------+-------------------------------------------
     0 | D:1      | Danakh the Minotaur Fighter began the quest for the Orb.
     0 | D:1      | Reached XP level 1. HP: 19/19 MP: 0/0
   100 | D:1      | Reached XP level 2. HP: 27/27 MP: 1/1
   321 | D:1      | Reached XP level 3. HP: 33/33 MP: 2/2
   393 | D:1      | Reached skill level 3 in Axes
   604 | D:2      | Reached XP level 4. HP: 31/40 MP: 3/3
   647 | D:2      | Noticed Robin
   658 | D:2      | Killed Robin
   658 | D:2      | Reached skill level 4 in Axes
   939 | D:3      | Found a stormy altar of Qazlal.
  1023 | D:3      | Noticed Natasha
  1028 | D:3      | Killed Natasha
  1028 | D:3      | Reached XP level 5. HP: 41/46 MP: 4/4
  1123 | D:3      | Noticed w0kki's ghost (amateur NaFi)
  1248 | D:3      | Noticed Natasha
  1255 | D:3      | Killed Natasha
  1691 | D:3      | Found a faded altar of an unknown god.
  1699 | D:3      | Became a worshipper of Nemelex Xobeh the Trickster
  1699 | D:3      | Received a gift from Nemelex Xobeh
  1699 | D:3      | Reached * piety under Nemelex Xobeh
  1725 | D:3      | Killed w0kki's ghost
  1725 | D:3      | Reached skill level 5 in Axes
  1758 | D:3      | Noticed Natasha
  1760 | D:4      | Noticed Danakh's ghost (amateur MiFi)
  1764 | D:3      | Killed Natasha
  1764 | D:3      | Reached skill level 1 in Invocations
  1764 | D:3      | Reached XP level 6. HP: 53/53 MP: 5/5
  1791 | D:4      | Killed Danakh's ghost
  1791 | D:4      | Reached skill level 5 in Shields
  1804 | D:4      | Reached skill level 5 in Armour
  1880 | D:4      | Reached skill level 6 in Axes
  1886 | D:4      | Killed from afar by an orc priest

Skill      XL: |  1  2  3  4  5  6 |
---------------+-------------------+-----
Armour         | 4 5 |  5.0
Shields        | 4 5 |  5.2
Axes           | 3 4 5 6 |  6.0
Fighting       | 4 |  4.8
Invocations    | 1 |  1.6
Dodging        | |  0.9
Stealth        | |  0.1

Action                   |  1- 3 |  4- 6 || total
-------------------------+-------+-------++-------
Melee: War axe           |    61 |   100 ||   161
       Headbutt          |    12 |    18 ||    30
Evoke: Deck              |       |     7 ||     7
  Eat: Chunk             |       |     3 ||     3
Armor: Scale mail        |    33 |    25 ||    58
       Chain mail        |       |    10 ||    10
Dodge: Dodged            |    17 |    21 ||    38
Block: Shield            |    32 |    44 ||    76
